 Dungeon Crawl Stone Soup version 0.29-a0-670-g5ff2a30383 (webtiles) character file.

Game seed: 11233392788260232494

2 Glokmah the Vexing (level 1, 0/16 HPs)
             Began as a Human Wanderer on June 24, 2022.
             Slain by a quokka (2 damage)
             ... on level 1 of the Dungeon.
             The game lasted 00:00:57 (152 turns).

Glokmah the Vexing (Human Wanderer)                  Turns: 152, Time: 00:00:58

Health: 0/16       AC:  2    Str: 10    XL:     1   Next: 33%
Magic:  2/3        EV: 11    Int: 12    God:
Gold:   8          SH:  0    Dex: 14    Spells: 3/4 levels left

rFire   . . .      SeeInvis .   a - +0 dagger
rCold   . . .      Faith    .   (no shield)
rNeg    + . .      Spirit   .   d - +0 robe
rPois   .          Reflect  .   (no helmet)
rElec   .          Harm     .   (no cloak)
rCorr   .          Rampage  .   (no gloves)
Will    .....                   (no boots)
Stlth   ++........              (no amulet)
HPRegen 0.05/turn               f - ring of positive energy
MPRegen 0.08/turn               (no ring)

@: no status effects
A: no striking features
a: no special abilities


You were on level 1 of the Dungeon.
You visited 1 branch of the dungeon, and saw 1 of its levels.

You collected 8 gold pieces.

Inventory:

Hand Weapons
 a - a +0 dagger (weapon)
Armour
 d - a +0 robe (worn)
Jewellery
 f - a ring of positive energy (left hand)
Scrolls
 e - a scroll of teleportation
Potions
 b - a potion of attraction
 c - a potion of curing


   Skills:
 - Level 2.0 Fighting
 + Level 1.0 Armour
 - Level 1.0 Stealth
 + Level 2.0 Spellcasting
 * Level 4.1 Hexes


You had 3 spell levels left.
You knew the following spells:

 Your Spells              Type           Power      Damage    Failure   Level
a - Slow                  Hex            44%        N/A       4%          1

Your spell library contained the following spells:

 Spells                   Type           Power      Damage    Failure   Level
 Inner Flame              Hex/Fire       6%         N/A       34%         3
 Summon Guardian Golem    Hex/Summ       6%         N/A       34%         3


Dungeon Overview and Level Annotations

Branches:
Dungeon (1/15)

Altars:


Message History

The hobgoblin hits you.
* * * LOW HITPOINT WARNING * * *
You hit the hobgoblin.
You kill the hobgoblin!
You closely miss the frilled lizard. Your punch misses the frilled lizard.
The frilled lizard closely misses you.
You hit the frilled lizard.
You kill the frilled lizard!
You see here a hobgoblin corpse.
You start resting.
A quokka comes into view.
Casting: Slow (safe; 4% risk of failure)
Confirm with . or Enter, or press ? or * to list all spells.
Aiming: Slow (safe; 4% risk of failure)
Press: ? - help, Shift-Dir - straight line, f - quokka
Aim: a quokka (wandering, hasn't noticed you, chance to affect: 67%)
The quokka struggles to resist.
The quokka attacks as you move away! The quokka barely misses you.
The quokka bites you.
* * * LOW HITPOINT WARNING * * *
Casting: Slow (safe; 4% risk of failure)
Confirm with . or Enter, or press ? or * to list all spells.
Aiming: Slow (safe; 4% risk of failure)
Press: ? - help, Shift-Dir - straight line, f/p - quokka
Aim: a quokka (chance to affect: 67%)
The quokka seems to slow down.
You see here a human skeleton.
The quokka is no longer moving slowly.
Casting: Slow (safe; 4% risk of failure)
Confirm with . or Enter, or press ? or * to list all spells.
Aiming: Slow (safe; 4% risk of failure)
Press: ? - help, Shift-Dir - straight line, f/p - quokka
Aim: a quokka (chance to affect: 67%)
The quokka seems to slow down.
The quokka closely misses you.
You barely miss the quokka. The quokka closely misses you.
You closely miss the quokka. You hit the quokka but do no damage.
The quokka bites you.
* * * LOW HITPOINT WARNING * * *
You hit the quokka but do no damage. The quokka bites you.
You die...

#..÷....÷÷..#
#...÷....÷..#
#.8..8.8..8.#
#...........#
#...........# #
#...........#
#.#...........#
#[#.........r.###
#.......<...@...#
###...........#.#
#...........#.#
#...........#†#
#...........#.#
#...........#........
#.8..8.8..8.####.....
#.......)...# ..g.
#..÷÷....÷..# ...


You could see a quokka (slow).

Vanquished Creatures
  A hobgoblin (D:1)
  A frilled lizard (D:1)
2 creatures vanquished.

Notes
Turn   | Place    | Note
-------+----------+-------------------------------------------
     0 | D:1      | Glokmah the Human Wanderer began the quest for the Orb.
     0 | D:1      | Glokmah set off with the following items: a +0 dagger, a
                  | potion of attraction, a potion of curing, a +0 robe, a
                  | scroll of teleportation; and the following spell memorised:
                  | Slow; and the following spells available to memorise: Inner
                  | Flame, Summon Guardian Golem.
     0 | D:1      | Reached XP level 1. HP: 16/16 MP: 3/3
   152 | D:1      | Slain by a quokka

Illustrated notes

Levels and vault maps discovered:
D:1:      giann_forest_graveyard, layout_basic

Action                   || total
-------------------------++-------
Melee: Dagger            ||    21
 Cast: Slow              ||     3
Armor: Robe              ||     2
Dodge: Dodged            ||    12

Table legend: (Time is in decaauts)
 A = Elapsed time spent in this place.
 B = Non-inter-level travel time spent in this place.
 C = Inter-level travel time spent in this place.
 D = Time resting spent in this place.
 E = Time spent auto-exploring this place.
 F = Levels seen in this place.
 G = Mean time per level.
                   A        B        C        D        E       F      G
               +--------+--------+--------+--------+--------+-----+--------+
         Total |    151 |    151 |      0 |     52 |      0 |   1 |  151.0 |
       Dungeon |    151 |    151 |      0 |     52 |      0 |   1 |  151.0 |
               +--------+--------+--------+--------+--------+-----+--------+

Top non-repeatable levels by time:
     D:1: 151 daAuts
